AoeStats
← Matouš10CZ

MegaRandom

505116432Analyzed
4v4 RM · 24d ago on Sep 7, 2026· 13m 18s· 8 players
Game mode
Random Map
Map size
Large (8 player)
Population
200
Speed
Normal
Resources
Standard
Victory
Conquest
Starting age
Dark Age
Ending age
Imperial Age
RankedLock teamsTeams togetherTeam positionsShared explorationLock speedFull tech treeHidden civsTurbo modeCheats
Victory
Defeat
🇨🇦 Spanish · Canada
552
+23
🇵🇱 Vietnamese · Poland
545
+23
🇲🇽 Poles · Mexico
539
+23
🇨🇳 Vietnamese · China
483
+25
🇨🇿 Japanese · Czechia
758
-25
🇨🇦 Slavs · Canada
719
-24
🇺🇸 Magyars · United States
678
-23
🇨🇿 Persians · Czechia
675
-22
✪KillerMx✪
12:16 Feudal Age
13:35 Wheelbarrow
12:43 Horse Collar
12:54 Double-Bit Axe
liam.percy.14
14:39 Feudal Age
POLKOS
1:35 Loom
2:15 Loom
15:02 Feudal Age
乔巴
9:02 Loom
13:06 Feudal Age
13:28 Horse Collar
Searam
2:04 Loom
biondoanthony
3:58 Loom
12:43 Feudal Age
Matouš10CZ
0:46 Loom
Ctibor
0:28 Loom
Connection lost

Rejoining the realm…

Still unreachable

The connection could not be restored.

Session expired

The server has moved on; the page needs a fresh start.